 Dungeon Crawl Stone Soup version 0.32-a0-900-g30fb1b0edc (webtiles) character file.

Game seed: 16183961237092515421

535 Doorstop00 the Chopper (level 7, -4/91 HPs)
             Began as a Minotaur Berserker on Apr 5, 2024.
             Was a Priest of Trog.
             Slain by a gnoll
             ... wielding a +0 halberd
             ... led by a gnoll sergeant
              (11 damage)
             ... on level 5 of the Dungeon.
             The game lasted 00:14:43 (3794 turns).

Doorstop00 the Chopper (Minotaur Berserker)         Turns: 3794, Time: 00:14:44

Health: -4/91      AC: 12    Str: 21    XL:     7   Next: 4%
Magic:  15/15      EV:  8    Int:  6    God:    Trog [***...]
Gold:   151        SH:  0    Dex: 10    Spells: 6/6 levels left

rFire   . . .        a - +1 hand axe
rCold   . . .        (no shield)
rNeg    + . .        p - +0 chain mail
rPois   .            (helmet restricted)
rElec   .            t - +0 cloak
rCorr   .            (no gloves)
SInv    .            f - +0 pair of boots
Will    .....        (no amulet) Stlth
                     m - ring "Bahibus" {rN+ MP+9}
HPRegen 0.35/turn    (no ring)
MPRegen 0.14/turn

%: no passive effects
@: berserking (expiring), very quick
A: horns 2, retaliatory headbutt
a: Renounce Religion, Berserk, Trog's Hand


You were on level 5 of the Dungeon.
You worshipped Trog.
Trog was most pleased with you.
You visited 1 branch of the dungeon, and saw 5 of its levels.

You collected 184 gold pieces.
You spent 33 gold pieces at shops.

Inventory:

Hand Weapons
 a - a +1 hand axe (weapon)
Missiles
 u - a throwing net (quivered)
Armour
 f - a +0 pair of boots (worn)
 p - a +0 chain mail (worn)
 t - a +0 cloak (worn)
Jewellery
 m - the ring "Bahibus" (left hand) {rN+ MP+9}
   (You found it on level 5 of the Dungeon)

   [ring of magical power]

   rN+:       It protects you from negative energy.
   MP+9:      It affects your magic capacity (+9).
Scrolls
 b - a scroll of immolation {unknown}
 c - a scroll of enchant weapon
 h - a scroll of teleportation
 o - a scroll of blinking {unknown}
 q - a scroll of fog {unknown}
 r - a scroll of enchant armour {unknown}
 s - a scroll of noise {unknown}
Potions
 d - a potion of brilliance
 e - a potion of cancellation {unknown}
 g - 2 potions of curing
 i - a potion of magic {unknown}
 j - a potion of invisibility {unknown}
 k - 2 potions of enlightenment
 l - a potion of attraction {unknown}
 n - a potion of heal wounds {unknown}


   Skills:
 * Level 5.4 Fighting
 * Level 7.0 Axes
 * Level 5.0 Armour
 * Level 3.2 Dodging


You had 6 spell levels left.
You didn't know any spells.
Your spell library was empty.

Dungeon Overview and Level Annotations

Branches:
Dungeon (5/15)
 Temple: D:4-7

Altars:
Okawaru

Shops:
D:3 !


Innate Abilities, Weirdness & Mutations

You have a pair of horns on your head.
You reflexively headbutt those who attack you in melee.


Message History

The gnoll hits you but does no damage.
You are too berserk!
You slash the sleepcap!
The sleepcap is moderately damaged.
You slash the sleepcap!
The sleepcap is severely damaged.
The sleepcap releases spores at you but does no damage.
You slash the sleepcap!
The sleepcap is almost destroyed.
The gnoll hits you but does no damage. x2
The sleepcap releases spores at you but does no damage.
You slash the sleepcap!
You destroy the sleepcap!
Trog accepts your kill.
The gnoll hits you from afar with a +0 halberd.
* * * LOW HITPOINT WARNING * * *
The hound bites you but does no damage.
Your Axes skill increases to level 7!
You miss the hound. Your headbutt misses the hound.
The gnoll hits you but does no damage.
You barely miss the hound. You headbutt the hound!
The hound is almost dead.
The hound bites you but does no damage. The gnoll closely misses you.
You closely miss the hound.
The hound is almost dead.
The hound bites you.
* * * LOW HITPOINT WARNING * * *
The hound attacks as it pursues you! The hound barely misses you.
You miss the hound. Your headbutt misses the hound.
The hound is almost dead.
The hound bites you but does no damage. The gnoll closely misses you.
You closely miss the hound.
The hound is almost dead.
The hound barely misses you. You furiously retaliate!
You headbutt the hound!
You kill the hound!
Trog accepts your kill.
Your Armour skill increases to level 5!
You have reached level 7!
The gnoll hits you with a +0 halberd!
You die...

#.##..###........
#.##.......#####.
#.......#### .##
####.####
....##### #.#
........### #.#
....#.....# #.# .
#.....###.#
#....gg@..#
#.....#####
#.....# #######


You could see 2 gnolls.

Vanquished Creatures
  A gnoll sergeant (D:5)
  A jelly (D:4)
  3 hounds
  3 sleepcaps
  4 iguanas
  2 gnolls (D:5)
  3 adders
  4 dart slugs
  2 ribbon worms
  An orc (D:3)
  7 ball pythons
  11 bats
  7 endoplasms
  A giant cockroach (D:4)
  10 goblins
  8 hobgoblins
  7 quokkas
  4 frilled lizards
  6 kobolds
  6 rats
91 creatures vanquished.

Notes
Turn   | Place    | Note
-------+----------+-------------------------------------------
     0 | D:1      | Doorstop00 the Minotaur Berserker began the quest for the
                  | Orb.
     0 | D:1      | Reached XP level 1. HP: 19/19 MP: 0/0
   287 | D:1      | Reached XP level 2. HP: 26/27 MP: 1/1
   374 | D:1      | Reached skill level 4 in Axes
   834 | D:2      | Reached ** piety under Trog
   851 | D:2      | Reached XP level 3. HP: 29/33 MP: 2/2
  1590 | D:3      | Reached XP level 4. HP: 34/41 MP: 3/3
  1717 | D:3      | Found an iron altar of Okawaru.
  1789 | D:3      | Reached skill level 5 in Axes
  1832 | D:3      | Reached *** piety under Trog
  2086 | D:3      | Found a faded altar of an unknown god.
  2302 | D:3      | Found Durhixuf's Distillery.
  2311 | D:3      | Bought a potion of curing for 33 gold pieces
  2540 | D:4      | Reached XP level 5. HP: 7/47 MP: 4/4
  2856 | D:4      | Reached skill level 6 in Axes
  2888 | D:4      | Reached skill level 5 in Fighting
  2888 | D:4      | Reached XP level 6. HP: 34/56 MP: 5/5
  2905 | D:5      | Entered Level 5 of the Dungeon
  2970 | D:5      | Identified the ring "Bahibus" {rN+ MP+9}
  3788 | D:5      | Reached skill level 7 in Axes
  3794 | D:5      | Reached skill level 5 in Armour
  3794 | D:5      | Reached XP level 7. HP: 7/61 MP: 6/6
  3794 | D:5      | Slain by a gnoll

Illustrated notes

Levels and vault maps discovered:
D:1:      beargit_arrival_greenhouse, layout_loops_ring
D:2:      minmay_alternating_diamond, layout_basic,
          nicolae_concentric_dashed_squares_mild
D:3:      layout_basic, lemuel_crystal_altar, dreamdust_ecumenical_altar_grove,
          serial_shops, nicolae_shop_industrial_runoff, item_on_display_a
D:4:      layout_basic
D:5:      layout_loops_cross

Skill      XL: |  1  2  3  4  5  6 |
---------------+-------------------+-----
Axes           | 4 5 6 7 |  7.0
Fighting       | 4 5 |  5.4
Armour         | 3 5 |  5.0
Dodging        | 3 |  3.2

Action                     |  1- 3 |  4- 6 |  7- 9 || total
---------------------------+-------+-------+-------++-------
  Melee: Hand axe          |    89 |   146 |       ||   235
         Headbutt          |    10 |    30 |       ||    40
 Invoke: Berserk           |       |     1 |       ||     1
    Use: Scroll            |     4 |     2 |       ||     6
 Armour: Leather armour    |    29 |       |       ||    29
         Ring mail         |    30 |    30 |       ||    60
         Chain mail        |       |    80 |     1 ||    81
  Dodge: Dodged            |    59 |    67 |       ||   126

Table legend: (Time is in decaauts)
 A = Elapsed time spent in this place.
 B = Non-inter-level travel time spent in this place.
 C = Inter-level travel time spent in this place.
 D = Time resting spent in this place.
 E = Time spent auto-exploring this place.
 F = Levels seen in this place.
 G = Mean time per level.
                   A        B        C        D        E       F      G
               +--------+--------+--------+--------+--------+-----+--------+
         Total |   3798 |   3798 |      0 |    415 |   2518 |   5 |  759.6 |
       Dungeon |   3798 |   3798 |      0 |    415 |   2518 |   5 |  759.6 |
               +--------+--------+--------+--------+--------+-----+--------+

Top non-repeatable levels by time:
     D:4: 1139 daAuts
     D:3: 813 daAuts
     D:1: 800 daAuts
     D:2: 724 daAuts
     D:5: 320 daAuts
